 Dungeon Crawl Stone Soup version 0.27.1-2-g3b301248ec (webtiles) character file.

Game seed: 17969992548394732664

31 barney the Ruffian (level 3, -2/28 HPs)
             Began as a Draconian Transmuter on Sept 27, 2021.
             Frozen to death by an endoplasm (5 damage)
             ... on level 2 of the Dungeon.
             The game lasted 00:01:23 (1548 turns).

barney the Ruffian (Draconian Transmuter)           Turns: 1548, Time: 00:01:23

Health: -2/28      AC:  5    Str: 12    XL:     3   Next: 7%
Magic:  1/6        EV: 12    Int: 14    God:
Gold:   45         SH:  0    Dex: 11    Spells: 2/6 levels left

rFire    . . .     SeeInvis .     - Unarmed
rCold    . . .     Faith    .   (no shield)
rNeg     . . .     Spirit   .   (armour unavailable)
rPois    .         Reflect  .   (helmet currently unavailable)
rElec    .         Harm     .   (no cloak)
rCorr    .         Rampage  .   (no gloves)
Will     .....                  (boots currently unavailable)
Stlth    +.........             (no amulet)
HPRegen  0.09/turn              (no ring)
MPRegen  0.10/turn              (no ring)

@: lethally poisoned (-2 -> -3), appendages, attractive, very slightly
contaminated
A: horns 2, talons 2, AC +5, unfitting armour, cold-blooded
a: End Transformation


You were on level 2 of the Dungeon.
You had temporarily grown beastly horns and talons.
You visited 1 branch of the dungeon, and saw 2 of its levels.

You collected 45 gold pieces.

Inventory:

Scrolls
 b - a scroll of identify {unknown}
 c - a scroll of amnesia {unknown}


   Skills:
 - Level 1.1 Fighting
 - Level 1.7 Dodging
 + Level 3.4 Unarmed Combat
 - Level 2.0 Spellcasting
 * Level 3.2 Transmutations


You had 2 spell levels left.
You knew the following spells:

 Your Spells              Type           Power      Damage    Failure   Level
a - Beastly Appendage     Tmut           20%        N/A       6%          1
b - Spider Form           Tmut/Pois      2%         N/A       36%         3

Your spell library contained the following spells:

 Spells                   Type           Power      Damage    Failure   Level
 Wereblood                Tmut           10%        N/A       10%         2
 Ice Form                 Ice/Tmut       5%         N/A       77%         4


Dungeon Overview and Level Annotations

Branches:
Dungeon (2/15)

Altars:


Innate Abilities, Weirdness & Mutations

You have temporarily grown beastly horns and talons.
Your plain brown scales are hard. (AC +5)
You cannot fit into any form of body armour.
You are cold-blooded and may be slowed by cold attacks.


Message History

You miscast Spider Form.
You are very lightly contaminated with residual magic.
Nothing appears to happen.
The adder bites you.
Unknown command.
The adder bites you but does no damage.
It was a potion of attraction.
You feel attractive to monsters. The adder barely misses you.
Casting: Spider Form (extremely dangerous; 36% risk of failure)
Confirm with . or Enter, or press ? or * to list all spells.
You grow a pair of large bovine horns.
Your feet morph into talons.
The endoplasm hits you but does no damage.
The adder bites you.
Unknown command.
You barely miss the adder. Your kick misses the adder.
Your headbutt misses the adder.
Your tail-slap misses the adder.
The endoplasm misses you. The adder barely misses you.
You barely miss the adder. The adder bites you.
You are poisoned.
The adder poisons you!
The endoplasm hits you but does no damage.
You hit the adder. Your headbutt misses the adder.
The adder is heavily wounded.
You feel sick. The adder completely misses you.
The endoplasm closely misses you. The adder barely misses you.
You hit the adder but do no damage. Your headbutt misses the adder.
The adder is heavily wounded.
You feel sick. The endoplasm barely misses you. The adder barely misses you.
You hit the adder.
Your tail-slap misses the adder.
The adder is almost dead.
You feel sick. The adder barely misses you. The endoplasm freezes you.
You are frozen.
* * * LOW HITPOINT WARNING * * *
You miss the adder. You claw the adder.
You kill the adder!
You feel sick. The endoplasm freezes you.
You are frozen.
You die...

.. #?.. ......###### ###
.....P.P...# #..
.....≈≈≈..P## #.#
P..P)≈≈♣P...# #.#
..P≈≈≈.P....# #.#
P.≈≈≈≈≈..@P.# #.#
.≈≈≈≈≈≈≈P†J.#######.#
≈≈≈≈≈≈≈≈≈≈..........#
≈≈≈≈≈≈≈≈≈≈P.#.#####.#
.≈≈≈≈≈≈†≈...#.# #.#
..≈≈≈≈≈....##.#####.#
P.P♣≈≈≈....##.......#
..P..[.P.P.########.######
############ #.......


You could see an endoplasm.

Vanquished Creatures
  An adder (D:2)
  A worm (D:2)
  3 ball pythons
  3 bats
  3 endoplasms (D:1)
  2 giant cockroaches (D:1)
  4 hobgoblins (D:1)
  5 kobolds (D:1)
  A quokka (D:1)
  3 frilled lizards (D:1)
  A rat (D:1)
27 creatures vanquished.

Vanquished Creatures (others)
  2 plants (D:2)
2 creatures vanquished.

Grand Total: 29 creatures vanquished

Notes
Turn   | Place    | Note
-------+----------+-------------------------------------------
     0 | D:1      | barney the Draconian Transmuter began the quest for the
                  | Orb.
     0 | D:1      | Reached XP level 1. HP: 16/16 MP: 3/3
   448 | D:1      | Reached XP level 2. HP: 23/23 MP: 3/5
  1351 | D:2      | Reached XP level 3. HP: 23/28 MP: 4/6
  1355 | D:2      | Learned a level 3 spell: Spider Form
  1548 | D:2      | Frozen to death by an endoplasm

Illustrated notes

Levels and vault maps discovered:
D:1:      scummos_arrival_star, layout_loops_ring, minmay_misc_feat_roman
D:2:      layout_loops_ring, hellmonk_ecumenical_altar_leap_of_faith,
          grunt_ministairs_12, guppyfry_early_lair_pool

Skill      XL: |  1  2 |
---------------+-------+-----
Transmutations | 3 |  3.2
Fighting       | |  1.1
Dodging        | |  1.7
Unarmed Combat | |  3.4
Spellcasting   | |  2.0

Action                   || total
-------------------------++-------
Melee: Unarmed           ||    95
       Headbutt          ||     7
       Tailslap          ||     9
       Kick              ||     6
 Cast: Beastly Appendage ||    18
       Spider Form       ||     2
  Use: Potion            ||     1
Armor: Skin              ||    31
Dodge: Dodged            ||    79
